 Dungeon Crawl Stone Soup version 0.31-a0-523-g071a6c1ffa (webtiles) character file.

Game seed: 2733633964503789264

32 mopl the Insei (level 3, -1/16 HPs)
             Began as an Octopode Shapeshifter on Aug 11, 2023.
             Slain by a jackal (3 damage)
             ... on level 2 of the Dungeon.
             The game lasted 00:01:18 (1507 turns).

mopl the Insei (Octopode Shapeshifter)              Turns: 1507, Time: 00:01:18

Health: -1/16      AC:  1    Str: 14    XL:     3   Next: 27%
Magic:  3/3        EV: 13    Int: 10    God:
Gold:   71         SH:  0    Dex: 14    Spells: 2/2 levels left

rFire   . .          .
                       - Unarmed
rCold   . . .        (shield currently unavailable)
rNeg    . . .        (helmet restricted)
rPois   .            (no amulet)
rElec   .            (no ring)
rCorr   .            (no ring)
SInv    .            (no ring)
Will    .....        (no ring)
Stlth   +            (no ring)
HPRegen 0.22/turn    (no ring)
MPRegen 0.08/turn    (no ring)
                     (no ring)

%: no passive effects
@: flux-form, glowing
A: glow, contaminating, reduced hp, almost no armour, amphibious, 8 rings,
camouflage 1, gelatinous body 1, (nimble swimmer 1), tentacles
a: Begin Untransformation


You were on level 2 of the Dungeon.
You were something dangerously unstable.
You visited 1 branch of the dungeon, and saw 2 of its levels.

You collected 71 gold pieces.

Inventory:

Jewellery
 n - an amulet of guardian spirit
Talismans
 b - a beast talisman
 c - a flux talisman (active)
Scrolls
 d - 2 scrolls of enchant armour {unknown}
 g - a scroll of teleportation {unknown}
 h - 2 scrolls of fear {unknown}
 i - 2 scrolls of identify {unknown}
 k - a scroll of blinking {unknown}
 l - 2 scrolls of fog {unknown}
Potions
 a - a potion of lignification {!q}
 e - a potion of attraction {unknown}
 f - a potion of haste {unknown}
 j - a potion of magic {unknown}
 m - a potion of brilliance {unknown}


   Skills:
 + Level 1.4 Fighting
 + Level 2.3 Dodging
 * Level 3.4 Unarmed Combat
 * Level 3.3 Shapeshifting


You had 2 spell levels left.
You didn't know any spells.
Your spell library was empty.

Dungeon Overview and Level Annotations

Branches:
Dungeon (2/15)

Altars:
Gozag

Annotations:
D:1 rF


Innate Abilities, Weirdness & Mutations

You are something dangerously unstable.
You glow with magical radiation, making you easy to see and hit.
Foes you strike become dangerously contaminated with magical radiation.
Your maximum health is decreased, since you lack skill for your form.
You are incapable of wielding weapons or throwing items.
You cannot wear most types of armour.
You are amphibious.
You can wear up to eight rings at the same time.
Your skin changes colour to match your surroundings (Stealth+).
Your rubbery body absorbs attacks. (AC +1, EV +1)
((You are camouflaged when in or above water. (Stealth+)))
You have tentacles for arms and can constrict up to eight enemies at once.


Message History

The jackal closely misses you.
You completely miss the jackal. You squeeze the jackal.
You kill the jackal!
The jackal barely misses you. The jackal closely misses you.
You barely miss the jackal. You grab the jackal. You constrict the jackal.
The jackal closely misses you. The jackal barely misses you.
The jackal bites you. The jackal closely misses you. The jackal bites you.
The jackal barely misses you.
You tentacle-slap the jackal.
The jackal begins to glow.
The jackal is severely wounded.
You constrict the jackal. The jackal closely misses you.
The jackal barely misses you. The jackal bites you.
You are too injured to fight recklessly!
You are too injured to fight recklessly!
You release your grip on the jackal.
The jackal attacks as you move away! The jackal closely misses you.
The jackal bites you but does no damage.
The jackal attacks as you move away! The jackal bites you.
The jackal closely misses you.
You see here a +0 chain mail.
The jackal barely misses you. x2
The jackal attacks as you move away! The jackal closely misses you.
The jackal attacks as you move away! The jackal bites you.
* * * LOW HITPOINT WARNING * * *
The jackal attacks as you move away! The jackal closely misses you.
The jackal bites you.
* * * LOW HITPOINT WARNING * * *
The jackal attacks as you move away! The jackal barely misses you.
You closely miss the jackal. You grab the jackal.
You constrict the jackal, but do no damage.
The jackal closely misses you.
You tentacle-slap the jackal.
The jackal begins to glow.
The jackal is heavily wounded.
You constrict the jackal. The jackal barely misses you.
The jackal closely misses you.
You tentacle-slap the jackal but do no damage.
The jackal glows dangerously bright.
You squeeze the jackal.
You kill the jackal!
The jackal bites you.
You die...

#... ...#####..#
.#####<.# #.......##
.....#.$. ###....
.....#..#######
#...###
...........[...
######.### ........#
##......# ...$....##
##..######
.....#.[.#######..##
.... ##h.#hhB....##
... #....####### ..
#..### . #...# ###.#
.# .# ##


You could see 2 jackals.

Vanquished Creatures
  A worm (D:2)
  A dart slug (D:1)
  An endoplasm (D:2)
  A giant cockroach (D:1)
  7 goblins (D:2)
  3 hobgoblins
  2 jackals (D:2)
  5 kobolds
  A quokka (D:2)
  A bat (D:1)
  3 frilled lizards
  A rat (D:2)
27 creatures vanquished.

Notes
Turn   | Place    | Note
-------+----------+-------------------------------------------
     0 | D:1      | mopl the Octopode Shapeshifter began the quest for the Orb.
     0 | D:1      | Reached XP level 1. HP: 13/13 MP: 1/1
   284 | D:1      | Reached XP level 2. HP: 11/16 MP: 2/2
  1360 | D:2      | Reached XP level 3. HP: 16/23 MP: 3/3
  1418 | D:2      | Found an opulent altar of Gozag.
  1507 | D:2      | Slain by a jackal

Illustrated notes

Levels and vault maps discovered:
D:1:      matt_arrival_refuge, layout_loops_corners, serial_forest,
          infiniplex_forest_straight_1, infiniplex_forest_lined_3_way,
          infiniplex_forest_straight_3, infiniplex_forest_clump_long,
          infiniplex_forest_3_way, infiniplex_forest_clump_curved,
          infiniplex_forest_end_2, lemuel_flame_loot_1
D:2:      kennysheep_the_goblin_king, layout_rooms, basic_altar

Action                     || total
---------------------------++-------
  Melee: Unarmed           ||    65
         Constrict         ||    19
         Tentacles         ||    15
   Stab: Sleeping          ||     1
 Armour: Skin              ||     6
  Dodge: Dodged            ||    41
   Form: Flux              ||     1

Table legend: (Time is in decaauts)
 A = Elapsed time spent in this place.
 B = Non-inter-level travel time spent in this place.
 C = Inter-level travel time spent in this place.
 D = Time resting spent in this place.
 E = Time spent auto-exploring this place.
 F = Levels seen in this place.
 G = Mean time per level.
                   A        B        C        D        E       F      G
               +--------+--------+--------+--------+--------+-----+--------+
         Total |   1503 |   1459 |     44 |     47 |   1209 |   2 |  751.5 |
       Dungeon |   1503 |   1459 |     44 |     47 |   1209 |   2 |  751.5 |
               +--------+--------+--------+--------+--------+-----+--------+

Top non-repeatable levels by time:
     D:1: 1153 daAuts
     D:2: 349 daAuts
